 Dungeon Crawl Stone Soup version 0.14-a0-2759-g5bb4bfe (webtiles) character file.

354 Quh the Ruinous (level 5, -14/28 HPs)
             Began as a Deep Elf Conjurer on Feb 23, 2014.
             Demolished by an ogre
             ... wielding a +0,+0 giant club
              (29 damage)
             ... on Level 4 of the Dungeon.
             The game lasted 00:21:31 (2977 turns).

Quh the Ruinous (Deep Elf Conjurer)                 Turns: 2977, Time: 00:21:31

HP -14/28        AC  5     Str  6      XL: 5   Next: 54%
MP  16/16        EV 13     Int 22      God:
Gold 147         SH  0     Dex 15      Spells:  2 memorised,  8 levels left

rFire  . . .     SeeInvis .     v - +2,+1 elf dagger (curse)
rCold  . . .     Clarity  .     u - +0 robe
rNeg   . . .     Conserve .     (no shield)
rPois  .         rCorr    .     (no helmet)
rElec  .         rRot     .     (no cloak)
SustAb . .       Spirit   .     g - +2 pair of dwarf gloves
rMut   .         Warding  .     (no boots)
Saprov . . .     Stasis   .     (no amulet)
MR     .....                    (no ring)
                                h - +2 ring of intelligence

@: not resistant to hostile enchantments, fairly stealthy
A: no striking features
a: no special abilities


You were on level 4 of the Dungeon.
You were not hungry.

You visited 1 branch of the dungeon, and saw 4 of its levels.

You collected 147 gold pieces.

Inventory:

Hand weapons
 s - a -1,+3 orcish whip of electrocution
 v - a cursed +2,+1 elven dagger (weapon)
Missiles
 r - 4 poisoned javelins (quivered)
Armour
 a - a +0 elven robe
 g - a +2 pair of dwarven gloves (worn)
 j - a +0 robe
 u - a +0 robe (worn)
Comestibles
 b - 3 bread rations
 f - a meat ration
 i - a pear
 t - a snozzcumber
 z - a chunk of bat flesh
Scrolls
 e - a scroll of curse jewellery {unknown}
 k - a scroll of enchant weapon I {unknown}
 l - a scroll of remove curse {unknown}
 m - a scroll of amnesia
 n - a scroll of recharging {unknown}
 o - a scroll of magic mapping {unknown}
Jewellery
 h - a +2 ring of intelligence (left hand)
Potions
 d - a potion of magic {unknown}
 p - a potion of resistance {unknown}
 w - a potion of poison {unknown}
 x - a potion of might {unknown}
 F - a potion of berserk rage {unknown}
Books
 c - a book of Conjurations

   Spells                             Type                      Level
   *Magic Dart                        Conjuration                  1
   *Searing Ray                       Conjuration                  2
   Dazzling Spray                     Conjuration/Hexes            3
   Fulminant Prism                    Conjuration/Hexes            4
   Iskenderun's Mystic Blast          Conjuration                  4
   Iskenderun's Battlesphere          Conjuration/Charms           5


   Skills:
 - Level 2.6 Dodging
 - Level 2.5 Stealth
 + Level 3.5 Spellcasting
 * Level 7.2 Conjurations


You had 8 spell levels left.
You knew the following spells:

 Your Spells              Type           Power        Failure   Level  Hunger
a - Magic Dart            Conj           ####         1%          1    None
b - Searing Ray           Conj           #####.       1%          2    #......


Dungeon Overview and Level Annotations

Branches:
Dungeon (4/16)
 Temple: D:4-7

Altars:
Dithmenos
Elyvilon
Sif Muna
Vehumet
Yredelemnul


Message History

Some of the chunks of flesh in your inventory have completely rotted away.
You start resting.
Some of the chunks of flesh in your inventory have completely rotted away.
You start resting.
Some of the chunks of flesh in your inventory have completely rotted away.
There is a stone staircase leading down here.
You climb downwards.
The ogre hits you with a giant club! The gnoll barely misses you.
There is a stone staircase leading up here.
The ogre hits you with a giant club. The gnoll closely misses you.
Casting: Magic Dart
Confirm with . or Enter, or press ? or * to list all spells.
Okay, then.
You see here a throwing net [falling apart].
There is a stone staircase leading up here.
You can't go down here!
The ogre hits you with a giant club!
Ouch! That really hurt!
You die...

#.## ..# ... ..
#######.####.#.. .
...#..... l.. ...
#.#.#.###.##.#..
#.....[........
#...#....###.# ..
#...#>.......#
.....#.(@#%####.#.#
.##....O#...##.#.#
.........g.(g.....#..
###.#####..........#
... #.....##.#.....#
### #
#.#.#.#.........
#.#.#.#.#.#.##.....
#.....#.#%#. ....
.#g....## ..


You could see an ogre and a gnoll.

Vanquished Creatures
  A hound skeleton (D:3)
  4 gnolls
  7 adders
  3 worms
  6 giant geckos
  2 orcs (D:3)
  A ball python (D:3)
  14 bats
  8 goblins
  10 hobgoblins
  2 jackals (D:4)
  5 kobolds
  A quokka (D:2)
  3 giant cockroaches
  2 giant newts
  6 rats
75 creatures vanquished.

Notes
Turn   | Place    | Note
--------------------------------------------------------------
     0 | D:1      | Quh, the Deep Elf Conjurer, began the quest for the Orb.
     0 | D:1      | Reached XP level 1. HP: 10/10 MP: 5/5
   160 | D:1      | Reached XP level 2. HP: 15/15 MP: 3/8
   278 | D:1      | Learned a level 2 spell: Searing Ray
   366 | D:1      | Reached skill level 5 in Conjurations
   690 | D:1      | Reached XP level 3. HP: 19/19 MP: 8/10
  1293 | D:2      | Reached skill level 6 in Conjurations
  1293 | D:2      | Reached XP level 4. HP: 24/24 MP: 7/13
  1900 | D:2      | Found a basalt altar of Yredelemnul.
  1980 | D:2      | Reached XP level 5. HP: 28/28 MP: 13/16
  2386 | D:3      | Found a shadowy altar of Dithmenos.
  2388 | D:3      | Found a deep blue altar of Sif Muna.
  2463 | D:3      | Reached skill level 7 in Conjurations
  2465 | D:3      | Found a white marble altar of Elyvilon.
  2677 | D:3      | Found a radiant altar of Vehumet.
  2697 | D:4      | Noticed an ogre
  2977 | D:4      | Demolished by an ogre

Action                   |  1- 3 |  4- 6 || total
-------------------------+-------+-------++-------
Melee: Unarmed           |     3 |       ||     3
       Dagger            |     1 |       ||     1
 Cast: Magic Dart        |    60 |    72 ||   132
       Searing Ray       |    14 |    17 ||    31
  Use: Scroll            |     4 |     3 ||     7
